Unix NetHack Version 5.0.0-0 post-release - last build May 17 2026 04:57:42 (dc50c8380fa5e20985bfe3072449f57b8d9895ef,branch:main).

Game began 2026-05-20 20:21:31, ended 2026-05-20 20:48:10.

Drastanta, lawful male human Samurai

                      ###################################
                 ###### ------                          #        ----------
         --------#      |....                           #        |........|
         |......-#      |...-                           #        |<)......|
         |......|       |...|                           #########.........|
         |......|       |..@|                           #######  ------- --
         |......|       |...|    -+-
         |......-#####  |..o-+---..|
         --------##  ###|).........|                   |
                  #### #[..).do..{.----|--            ..
                        |..).).).......................|
                        |.@@-+--- ..........-+--+---   |
                        |...|     ------ ----
                        |...|
                        |...|
                        |...-
                        |....
                        ------

Drastanta the Ronin    St:14 Dx:16 Co:18 In:9 Wi:9 Ch:10  Lawful
Dlvl:5  $:40 HP:0(48) Pw:16(16) AC:4  Xp:5 T:1258  Burdened

Latest messages:
 You hit the Uruk-hai!
 You hear someone beseeching Susanowo.
 You miss the Uruk-hai.
 The Uruk-hai thrusts her orcish short sword.
 The Uruk-hai hits!
 You kill the Uruk-hai!
 The Uruk-hai wields an orcish bow!
 The orcish bow welds itself to the Uruk-hai's hand!
 c - a +0 yumi (weapon in right hand).
 a - a +0 katana (alternate weapon; not wielded).
 The Uruk-hai shoots 2 poisoned orcish arrows!
 The Uruk-hai misfires!
 The 1st poisoned orcish arrow misses.
 You are hit by the 2nd poisoned orcish arrow.
 You begin bashing monsters with your yumi.
 You hit the Uruk-hai.
 You hit the Uruk-hai.
 The Uruk-hai shoots 2 poisoned orcish arrows!
 The 1st poisoned orcish arrow misses the Uruk-hai.
 The 1st poisoned orcish arrow hits the Uruk-hai.
 The poison doesn't seem to affect the Uruk-hai.
 The 2nd poisoned orcish arrow hits the Uruk-hai.
 The poison doesn't seem to affect the Uruk-hai.
 You see a door open.
 The Uruk-hai picks up an orcish helm.
 The Uruk-hai picks up a poisoned orcish arrow.
 The Uruk-hai shoots 2 poisoned orcish arrows!
 The 1st poisoned orcish arrow hits the Uruk-hai!
 The poison doesn't seem to affect the Uruk-hai.
 The Uruk-hai is killed!
 You are hit by the 2nd poisoned orcish arrow.
 The Uruk-hai picks up a cursed orcish short sword.
 The Uruk-hai picks up a poisoned orcish arrow.
 Hachi bites the Uruk-hai.
 The Uruk-hai wields a cursed orcish short sword!
 The orcish short sword welds itself to the Uruk-hai's hand!
 a - a +0 katana (weapon in right hand).
 c - a +0 yumi (alternate weapon; not wielded).
 The Uruk-hai puts on an orcish helm.
 The Uruk-hai shoots 3 poisoned orcish arrows!
 You are hit by the 1st poisoned orcish arrow.
 You are hit by the 2nd poisoned orcish arrow.
 You hear the howling of the CwnAnnwn...
 You are hit by the 3rd poisoned orcish arrow.
 You die...
 Do you want your possessions identified? [ynq] (y) n
 Do you want to see your attributes? [ynq] (y) n
 Do you want an account of creatures vanquished? [ynaq] (y) n
 Do you want to see your conduct and achievements? [ynq] (y) n
 Do you want to see the dungeon overview? [ynq] (y) n

Inventory:
 Coins    ('$')
  $ - 40 gold pieces
 Weapons  (')')
  d - 32 +0 ya (in quiver)
  c - a +0 yumi (alternate weapon; not wielded)
  a - a +0 katana (weapon in right hand)
  b - a +0 wakizashi
 Armor    ('[')
  x - an uncursed +0 dwarvish iron helm
  y - an uncursed +0 pair of iron shoes
  z - an uncursed +0 dwarvish cloak
  s - an uncursed +0 Hawaiian shirt with a parrot motif
  v - an uncursed +0 dwarvish mithril-coat
  e - an uncursed rustproof +0 splint mail (being worn)
 Comestibles  ('%')
  o - an uncursed slime mold
  j - an uncursed apple
  n - an uncursed cram ration
  r - an uncursed fortune cookie
  m - an uncursed gunyoki
  w - 2 uncursed pancakes
  q - a cursed tripe ration
 Scrolls  ('?')
  k - an uncursed scroll of confuse monster
  l - an uncursed scroll of destroy armor
  u - an uncursed scroll of gold detection
  h - 3 uncursed scrolls of identify
 Potions  ('!')
  i - an uncursed potion of water
 Wands    ('/')
  t - a wand of striking (0:0)
 Tools    ('(')
  f - an uncursed blindfold
  g - a cursed oil lamp (lit)
  p - a +0 pick-axe

Drastanta the Samurai's attributes:

Background:
 You were a Ronin, a level 5 male human Samurai.
 You were lawful, nominally on a mission for Amaterasu Omikami
 who was opposed by Raijin (neutral) and Susanowo (chaotic).
 You were right-handed.
 You were in the Gnomish Mines, on level 5.
 You entered the dungeon 1258 turns ago.
 You had 227 experience points, 93 more were needed to attain level 6.

Basics:
 You had 0 out of 48 hit points.
 You had all 16 energy points (spell power).
 Your armor class was 4.
 Your wallet contained 40 zorkmids.
 Autopickup was off.

Final Characteristics:
 Your strength was 14 (limit:18/100).
 Your dexterity was 16 (limit:18).
 Your constitution was 18 (limit:18).
 Your intelligence was 9 (limit:18).
 Your wisdom was 9 (limit:18).
 Your charisma was 10 (limit:18).

Final Status:
 You weren't hungry.
 You were burdened; movement was slightly slowed.
 You were wielding a long sword.
 You had basic skill with long sword.

Final Attributes:
 You were devoutly aligned.
 You were warded.
 You were fast.
 You are dead.

Miscellaneous:
 You didn't encounter any bones levels.
 Total elapsed playing time was 26 minutes and 39 seconds.

Major events:
 Turn
    1: Drastanta the lawful male human Samurai entered the dungeon
  713: entered the Gnomish Mines
  715: attained the rank of Ronin (level 3)
 1242: reached Mine Town
 1258: killed by an orcish arrow

You didn't know any spells.

Skills:
 Fighting Skills
   martial arts      [Basic]
   two weapon combat [Unskilled]
   riding            [Unskilled]
 Weapon Skills
   dagger            [Unskilled]
   knife             [Unskilled]
   short sword       [Basic]
   broadsword        [Unskilled]
   long sword        [Basic]
   two-handed sword  [Unskilled]
   saber             [Unskilled]
   flail             [Unskilled]
   quarterstaff      [Unskilled]
   polearms          [Unskilled]
   spear             [Unskilled]
   lance             [Unskilled]
   bow               [Basic]
   shuriken          [Unskilled]
 Spellcasting Skills
   attack spells     [Unskilled]
   divination spells [Unskilled]
   clerical spells   [Unskilled]

Voluntary challenges:
 Character rerolling was not enabled.
 You were an atheist.
 You were illiterate.
 You never genocided any monsters.
 You never polymorphed an object.
 You never changed form.
 You used no wishes.
Achievements:
 You entered a shop.
 You entered the Gnomish Mines.
 You attained the rank of Ronin.
 You entered Minetown.

 The Dungeons of Doom: levels 1 to 2
    Level 1:
    Level 2:
       A weapon shop.
       Stairs down to The Gnomish Mines.
 The Gnomish Mines: levels 3 to 5
    Level 3:
    Level 4:
    Level 5: <- You were here.
       A fountain.
       Final resting place for
          you, killed by an orcish arrow.


Vanquished creatures:
  3 Uruk-hai
  5 gnome leaders
  2 dwarves
  a centipede
 an iguana
  a large kobold
 18 gnomes
  2 garter snakes
  a gecko
  7 jackals
  4 foxes
  a goblin
  3 sewer rats
  a lichen
  2 kobold zombies
  2 newts
54 creatures vanquished.

No species were genocided or became extinct.

Game over:
                       ----------
                      /          \
                     /    REST    \
                    /      IN      \
                   /     PEACE      \
                  /                  \
                  |    Drastanta     |
                  |      40 Au       |
                  |   killed by an   |
                  |   orcish arrow   |
                  |                  |
                  |                  |
                  |       2026       |
                 *|     *  *  *      | *
        _________)/\\_//(\/(/\)/\//\/|_)_______

Sayonara Drastanta the Samurai...

You died in The Gnomish Mines on dungeon level 5 with 1144 points,
and 40 pieces of gold, after 1258 moves.
You were level 5 with a maximum of 48 hit points when you died.

